 Dungeon Crawl Stone Soup version 0.22-a0-271-gc000056 (webtiles) character file.

426 torrenera the Cleaver (level 6, -1/51 HPs)
             Began as a Hill Orc Fighter on Mar 9, 2018.
             Was an Initiate of Okawaru.
             Slain by an ogre
             ... wielding a +0 giant club
              (20 damage)
             ... on level 5 of the Dungeon on Mar 12, 2018.
             The game lasted 00:05:44 (4178 turns).

torrenera the Cleaver (Hill Orc Fighter)            Turns: 4178, Time: 00:05:45

Health: -1/51      AC:  9    Str: 23    XL:     6   Next: 97%
Magic:  6/6        EV:  8    Int:  8    God:    Okawaru [......]
Gold:   147        SH:  0    Dex: 10    Spells: 5/5 levels left

rFire    . . .     SeeInvis .   a - +0 war axe
rCold    . . .     Gourm    .   (no shield)
rNeg     . . .     Faith    .   n - +0 chain mail
rPois    .         Spirit   .   (no helmet)
rElec    .         Reflect  .   (no cloak)
rCorr    .         Harm     .   (no gloves)
MR       .....                  (no boots)
Stlth    ..........             (no amulet)
HPRegen  0.17/turn              b - +2 ring of strength
MPRegen  0.10/turn              q - ring of wizardry

@: no status effects
A: no striking features
a: Renounce Religion


You were on level 5 of the Dungeon.
You worshipped Okawaru.
Okawaru was noncommittal.
You were hungry.

You visited 1 branch of the dungeon, and saw 5 of its levels.

You collected 147 gold pieces.

Inventory:

Hand Weapons
 a - a +0 war axe (weapon)
 v - a +0 vampiric hand axe
Missiles
 k - 179 stones (quivered)
Armour
 c - a +0 shield
 n - a +0 chain mail (worn)
Jewellery
 b - a +2 ring of strength (left hand)
 q - a ring of wizardry (right hand)
Wands
 i - a wand of acid (2)
Scrolls
 g - a scroll of immolation {unknown}
 h - 8 scrolls of teleportation {unknown}
 j - 3 scrolls of enchant weapon {unknown}
 l - 8 scrolls of identify {unknown}
 m - 3 scrolls of remove curse {unknown}
 s - a scroll of blinking {unknown}
 t - a scroll of noise {unknown}
 y - a scroll of fog {unknown}
Potions
 d - a potion of might
 e - a potion of magic {unknown}
 o - a potion of lignification
 p - 2 potions of haste {unknown}
 r - 2 potions of curing {unknown}
 u - a potion of cancellation {unknown}
 w - 2 potions of ambrosia {unknown}
 x - 4 potions of heal wounds {unknown}
Comestibles
 f - 9 rations


   Skills:
 - Level 3.6 Fighting
 + Level 9.5 Axes
 - Level 3.2 Armour
 - Level 3.2 Shields


You had 5 spell levels left.
You didn't know any spells.

Dungeon Overview and Level Annotations

Branches:
Dungeon (5/15)
 Temple: D:4-7

Altars:
Ashenzari
Okawaru
Trog
Xom
Zin


Message History

There is an open door here.
As you open the door, it creaks loudly!
There is an open door here.
You open the door.
There is an open door here.
You open the door.
There is an open door here.
An ogre comes into view. It is wielding a giant club.
The ogre shouts!
An ogre is nearby!
An ogre is nearby!
An ogre is nearby!
The ogre hits you with a giant club!
You closely miss the ogre.
A worker ant zombie comes into view.
You closely miss the ogre. The ogre hits you with a giant club!!
You hit the ogre.
The ogre is lightly wounded.
The ogre hits you with a giant club!!
You die...

#..#....#####
#....#..#........#
#....#..#........#
#....#..'........#
#####....#..#........#
.........#..#........#
.........#..#........#
.........##'#....#####
.....ZO@.........#
.....####........# #..
#........# #
#.<......# #........#
#........# ########...
#.... #.....


You could see an ogre and a worker ant zombie.

Vanquished Creatures
  A gnoll shaman (D:4)
  An orc priest (D:3)
  2 orc wizards (D:3)
  A bullfrog skeleton (D:4)
  An iguana (D:4)
  3 worker ants (D:4)
  2 adders (D:4)
  7 gnolls
  2 worms (D:2)
  2 dart slugs
  A leopard gecko (D:4)
  8 orcs
  7 bats
  A giant cockroach (D:3)
  12 goblins
  13 hobgoblins
  4 jackals (D:3)
  2 ball pythons
  3 frilled lizards
  8 kobolds
  7 rats
88 creatures vanquished.

Notes
Turn   | Place    | Note
-------+----------+-------------------------------------------
     0 | D:1      | torrenera the Hill Orc Fighter began the quest for the Orb.
     0 | D:1      | Reached XP level 1. HP: 19/19 MP: 1/1
    31 | D:1      | Reached skill level 3 in Axes
    39 | D:1      | Upgraded the game from 0.22-a0-268-g1cc83ef to 0.22-a0-271-gc000056
   134 | D:1      | Reached XP level 2. HP: 26/26 MP: 2/2
   201 | D:1      | Reached skill level 4 in Axes
   558 | D:1      | Reached XP level 3. HP: 31/31 MP: 3/3
   815 | D:1      | You fall through a shaft!
   856 | D:2      | Reached skill level 5 in Axes
  1364 | D:2      | Found a glowing silver altar of Zin.
  1644 | D:3      | Found an iron altar of Okawaru.
  1650 | D:3      | Reached XP level 4. HP: 37/39 MP: 4/4
  1747 | D:3      | Reached skill level 6 in Axes
  1756 | D:3      | HP: 1/39 [gnoll/club (7)]
  2053 | D:3      | Found a faded altar of an unknown god.
  2146 | D:3      | Became a worshipper of Warmaster Okawaru
  2292 | D:3      | Reached XP level 5. HP: 45/45 MP: 5/5
  2300 | D:3      | Reached skill level 7 in Axes
  2491 | D:3      | Found a shimmering altar of Xom.
  2504 | D:3      | Found a shattered altar of Ashenzari.
  2869 | D:4      | Reached skill level 8 in Axes
  2869 | D:4      | Reached XP level 6. HP: 48/51 MP: 6/6
  3300 | D:4      | Found a bloodstained altar of Trog.
  3428 | D:4      | Reached skill level 9 in Axes
  4128 | D:5      | Entered Level 5 of the Dungeon
  4178 | D:5      | Slain by an ogre

Vault maps used:
D:1:      giann_horns, serial_glass, glass_columns_a, glass_columns_c
D:2:      kennysheep_the_goblin_king, zin_academy, first_ration
D:3:      okawaru_ov_weapons_minmay, nicolae_overflow_crystal_walls,
          chequers_ecumenical_altar_island, xom_teletrap_fun
D:4:      trog_hazing_becter
D:5:      minmay_temple_entry_glassed_door, minmay_misc_feat_iff,
          grunt_ministairs_8

Skill      XL: |  1  2  3  4  5  6 |
---------------+-------------------+-----
Axes           | 3 4 5 6 8 9 |  9.5
Fighting       | |  3.6
Armour         | |  3.2
Shields        | |  3.2

Action                   |  1- 3 |  4- 6 || total
-------------------------+-------+-------++-------
Melee: War axe           |   116 |   146 ||   262
  Use: Potion            |       |     1 ||     1
  Eat: Chunk             |     2 |     8 ||    10
Armor: Scale mail        |    23 |       ||    23
       Chain mail        |    27 |    96 ||   123
       Skin              |       |     4 ||     4
Dodge: Dodged            |    32 |    70 ||   102
Block: Shield            |    63 |       ||    63

Table legend:
 A = Spawn XP
 B = Non-spawn XP
 C = Spawn XP percentage of total XP
 D = Spawn monster count
 E = Non-spawn monster count
 F = Spawn count percentage of total count
 G = Total turns spent on level
                    A         B        C        D         E        F      G
               +---------+---------+-------+---------+---------+-------+---------
         Total |       0 |     609 |   0.0 |       0 |      88 |   0.0 |  4178
               +---------+---------+-------+---------+---------+-------+---------
           D:1 |       0 |      40 |   0.0 |       0 |      23 |   0.0 |   815
           D:2 |       0 |      53 |   0.0 |       0 |      17 |   0.0 |   871
           D:3 |       0 |     201 |   0.0 |       0 |      25 |   0.0 |  1153
           D:4 |       0 |     315 |   0.0 |       0 |      23 |   0.0 |  1289
               +---------+---------+-------+---------+---------+-------+---------
